 Dungeon Sprint DCSS version 0.21-a0-404-g291f19a (webtiles) character file.

58 Coron the Covered (level 3, -4/36 HPs)
             Began as a Deep Dwarf Fighter on Oct 27, 2017.
             Was an Initiate of Trog.
             Killed by divine providence
             ... invoked by an oklob sapling priest
              (13 damage)
             ... in the Dungeon (Sprint IV: "Fedhas' Mad Dash").
             The game lasted 00:00:52 (61 turns).

Coron the Covered (Deep Dwarf Fighter)                Turns: 61, Time: 00:00:53

Health: -4/36      AC:  3    Str: 25    XL:     3   Next: 76%
Magic:  2/3        EV:  8    Int:  8    God:    Trog [......]
Gold:   46         SH: 10    Dex: 12    Spells: 2/2 levels left

rFire    . . .     SeeInvis .   a - +0 war axe
rCold    . . .     Gourm    .   c - +0 shield
rNeg     . . .     Faith    .   b - +0 scale mail
rPois    .         Spirit   .   (no helmet)
rElec    .         Reflect  .   (no cloak)
rCorr    .         Harm     .   (no gloves)
MR       .....     NoTele   +   (no boots)
Stlth    ..........             l - amulet of invisibility {+Inv}
HPRegen  0.00/turn              (no ring)
MPRegen  0.08/turn              (no ring)

@: mighty, corroded, very slightly contaminated, non-regenerating, invisible
(expiring)
A: damage resistance, heal wounds, sense surroundings 1, no regeneration
a: Heal Wounds, Burn Spellbooks, Renounce Religion


You were in the Dungeon.
You worshipped Trog.
Trog was noncommittal.
You were not hungry.

You visited 1 branch You collected 46 gold pieces.

Inventory:

Hand Weapons
 a - a +0 war axe (weapon)
Armour
 b - a +0 scale mail (worn)
 c - a +0 shield (worn)
Jewellery
 l - the amulet of invisibility (around neck) {+Inv}
   (You found it in the Dungeon)

   [amulet of nothing]

   It lets you turn invisible.
Scrolls
 k - a scroll of blinking
Potions
 e - a potion of curing
 g - a potion of heal wounds
 h - a potion of haste
 i - 2 potions of magic
 j - a potion of berserk rage
Comestibles
 d - a chunk of flesh
 f - a bread ration
 m - 3 fruits


   Skills:
 + Level 4.3 Fighting
 + Level 4.5 Axes
 + Level 5.2 Armour
 + Level 5.2 Shields


You had 2 spell levels left.
You didn't know any spells.

Dungeon Overview and Level Annotations

Branches:
Dungeon (1/1)

Altars:
Cheibriados
Dithmenos
Elyvilon
Gozag
Hepliaklqana
Kikubaaqudgha
Makhleb
Nemelex Xobeh
Okawaru
Qazlal
Ru
Sif Muna
Trog
Uskayaw
Vehumet
Wu Jian
Xom
Yredelemnul
Zin
The Shining One
Beogh
Jiyva
Lugonu

Annotations:
D exclusion: oklob sapling


Innate Abilities, Weirdness & Mutations

You are resistant to damage.
You can heal yourself by infusing magical energy.
You passively map a small area around you.
You do not regenerate.


Message History

Found two altars.
Found three altars.
Found a radiant altar of Vehumet and a corrupted altar of Lugonu.
There is a deep blue altar of Sif Muna here.
You flicker for a moment.
There is a bloodstained altar of Trog here.
You kneel at the altar of Trog.
Trog welcomes you!
You can now call upon Trog to burn spellbooks in your surroundings.
The oklob sapling priest miscasts a cantrip.
You hit the oklob sapling priest but do no damage.
The oklob sapling priest spits acid at you.
The splash of acid hits you! The acid corrodes you!
You are splashed with acid!
The acid burns!
* * * LOW HITPOINT WARNING * * *
You hit the oklob sapling priest.
The oklob sapling priest is moderately damaged.
The oklob sapling priest mumbles some strange prayers to its god against you.
Something smites you!
You die...

########################
...#.....#.⌠._._._._.⌠.#
...'.#[..'.._._._._._..+
*,
...#.#...#..._._P_._...#
*
#######+##.._._.@._._..#
,, #._._._._._.⌠.# **
############### , * * ,
* ,* * , , , * , , , , *
* * * * * ,


You could see an oklob sapling priest.

Vanquished Creatures
  An oklob sapling (D)
  A worker ant (D)
  A river rat (D)
  A rat (D)
4 creatures vanquished.

Notes
Turn   | Place    | Note
-------+----------+-------------------------------------------
     0 | D        | Coron the Deep Dwarf Fighter began the quest for the Orb.
     0 | D        | Reached XP level 1. HP: 20/20 MP: 1/1
    11 | D        | Reached XP level 2. HP: 23/28 MP: 2/2
    18 | D        | Noticed an oklob sapling
    19 | D        | Killed an oklob sapling
    19 | D        | Reached XP level 3. HP: 30/36 MP: 3/3
    22 | D        | Found the amulet of invisibility {+Inv}
    25 | D        | Reached skill level 5 in Armour
    25 | D        | Reached skill level 5 in Shields
    50 | D        | Found an opulent altar of Gozag.
    50 | D        | Found a hazy altar of Hepliaklqana.
    50 | D        | Found a burning altar of Makhleb.
    50 | D        | Found a roughly hewn altar of Beogh.
    50 | D        | Found a sparkling altar of Nemelex Xobeh.
    50 | D        | Found a snail-covered altar of Cheibriados.
    50 | D        | Found a sacrificial altar of Ru.
    50 | D        | Found a deep blue altar of Sif Muna.
    50 | D        | Found a shimmering altar of Xom.
    50 | D        | Found a basalt altar of Yredelemnul.
    51 | D        | Found a viscous altar of Jiyva.
    51 | D        | Found a bloodstained altar of Trog.
    51 | D        | Found an ornate altar of the Wu Jian Council.
    51 | D        | Noticed an oklob sapling priest
    52 | D        | Found an iron altar of Okawaru.
    52 | D        | Found a shadowy altar of Dithmenos.
    52 | D        | Found a glowing silver altar of Zin.
    53 | D        | Found an ancient bone altar of Kikubaaqudgha.
    53 | D        | Found a hide-covered altar of Uskayaw.
    54 | D        | Found a stormy altar of Qazlal.
    54 | D        | Found a glowing golden altar of the Shining One.
    54 | D        | Found a white marble altar of Elyvilon.
    55 | D        | Found a radiant altar of Vehumet.
    55 | D        | Found a corrupted altar of Lugonu.
    59 | D        | Became a worshipper of Trog the Wrathful
    61 | D        | Killed from afar by an oklob sapling priest

Vault maps used:
D:        dungeon_sprint_fedhas

Skill      XL: |  1  2  3 |
---------------+----------+-----
Fighting       | 3 4 |  4.3
Axes           | 3 4 |  4.5
Armour         | 4 5 |  5.2
Shields        | 4 5 |  5.2

Action                   || total
-------------------------++-------
Melee: War axe           ||    13
 Abil: Evoke Invisibilit ||     1
  Use: Potion            ||     1
Armor: Scale mail        ||     4
Dodge: Dodged            ||     4
Block: Shield            ||     4

Table legend:
 A = Spawn XP
 B = Non-spawn XP
 C = Spawn XP percentage of total XP
 D = Spawn monster count
 E = Non-spawn monster count
 F = Spawn count percentage of total count
 G = Total turns spent on level
                    A         B        C        D         E        F      G
               +---------+---------+-------+---------+---------+-------+---------
         Total |       0 |      84 |   0.0 |       0 |       4 |   0.0 |    61
               +---------+---------+-------+---------+---------+-------+---------
             D |       0 |      84 |   0.0 |       0 |       4 |   0.0 |    61
               +---------+---------+-------+---------+---------+-------+---------
